 Dungeon Crawl Stone Soup version 0.24-a0-7-g1bb0902 (webtiles) character file.

Game seed: 1596900735411123010

270 Inarius the Sneak (level 6, -1/28 HPs)
             Began as a Felid Monk on Jan 30, 2019.
             Slain by Menkaure (11 damage)
             ... on level 5 of the Dungeon.
             The game lasted 00:07:27 (5414 turns).

Inarius the Sneak (Felid Monk)                      Turns: 5414, Time: 00:07:27

Health: -1/28      AC:  2    Str:  7    XL:     6   Next: 1%
Magic:  7/7        EV: 21    Int: 11    God:
Gold:   273        SH:  0    Dex: 21    Spells: 5/5 levels left
                                        Lives:  0   Deaths: 1

rFire    . . .     SeeInvis +     - Unarmed
rCold    . . .     Gourm    .   (shield unavailable)
rNeg     . . .     Faith    .   (armour unavailable)
rPois    .         Spirit   .   (helmet unavailable)
rElec    .         Reflect  .   (cloak unavailable)
rCorr    .         Harm     .   (gloves unavailable)
MR       .....                  (boots unavailable)
Stlth    ++++......             (no amulet)
HPRegen  0.09/turn              (no ring)
MPRegen  0.10/turn              (no ring)

@: hasted, very quick
A: very small, no armour, no weapons or thrown items, stealth, claws 1, fangs 3,
see invisible, carnivore, speed 1, shaggy fur 2, slow metabolism 1, sharp paws
a: no special abilities


You were on level 5 of the Dungeon.
You were not hungry.

You visited 1 branch of the dungeon, and saw 5 of its levels.

You collected 273 gold pieces.

Inventory:

Scrolls
 d - a scroll of blinking {unknown}
 e - a scroll of teleportation
 f - a scroll of fog {unknown}
 g - a scroll of magic mapping {unknown}
 i - a scroll of fear {unknown}
 j - 3 scrolls of remove curse {unknown}
 k - a scroll of immolation {unknown}
Potions
 b - a potion of magic
 h - 2 potions of mutation
Comestibles
 a - 5 rations


   Skills:
 * Level 4.0 Fighting
 + Level 5.1 Dodging
 * Level 6.9 Stealth
 + Level 4.5 Unarmed Combat


You had 5 spell levels left.
You didn't know any spells.
Your spell library was empty.

Dungeon Overview and Level Annotations

Branches:
Dungeon (5/15)
 Temple: D:4-7

Altars:
Sif Muna
Yredelemnul

Annotations:
D:4 Sigmund
D:5 Menkaure, Pikel


Innate Abilities, Weirdness & Mutations

You cannot wear armour.
You are incapable of wielding weapons or throwing items.
Your paws allow you to move quietly. (Stealth)
You have sharp claws.
You have razor-sharp teeth.
You have supernaturally acute eyesight. (SInv)
You are carnivorous and can eat meat at any time.
You cover ground quickly.
You are covered in thick fur. (AC +2)
You have a slow metabolism.
Your sharp claws are effective at attacking unaware monsters.


Message History

* * * LOW HITPOINT WARNING * * *
You feel better. The centaur misses you.
It was a potion of haste.
You feel yourself speed up. The centaur misses you.
Menkaure calls on the powers of darkness!
Your body is wracked with pain!
The centaur barely misses you.
You scratch the centaur.
You kill the centaur!
Your Fighting skill increases to level 4!
Your Dodging skill increases to level 5!
You have reached level 6!
Your experience leads to an increase in your attributes!
Increase (S)trength, (I)ntelligence, or (D)exterity?
You feel agile.
Your fur grows into a thick mane.
You scratch Menkaure.
Menkaure is moderately damaged.
You scratch Menkaure.
Menkaure is heavily damaged.
Menkaure hits you!
You die...

......# #......
... ......##......
... ..............
.... ........#
#..####..#
........###.......
.........###.$#.##
#........##......#
###............M%#
....##....#.....@#
#...#####.##.##.##
#..## #########
###


You could see Menkaure.

Vanquished Creatures
  A centaur (D:5)
  A scorpion (D:4)
  A howler monkey (D:5)
  A bullfrog skeleton (D:4)
  2 hounds
  8 adders
  4 worms
  3 dart slugs
  5 leopard geckos
  4 orcs
  7 bats
  4 giant cockroaches
  4 goblins
  5 hobgoblins
  A quokka (D:2)
  5 frilled lizards
  5 kobolds
  7 rats
68 creatures vanquished.

Notes
Turn   | Place    | Note
-------+----------+-------------------------------------------
     0 | D:1      | Inarius the Felid Monk began the quest for the Orb.
     0 | D:1      | Reached XP level 1. HP: 10/10 MP: 2/2
   640 | D:1      | Reached skill level 3 in Stealth
   640 | D:1      | Reached XP level 2. HP: 7/14 MP: 3/3
  1527 | D:2      | Reached XP level 3. HP: 12/17 MP: 4/4
  2436 | D:2      | Reached skill level 4 in Stealth
  2561 | D:2      | Reached XP level 4. HP: 21/21 MP: 5/5
  3085 | D:3      | Reached skill level 5 in Stealth
  3132 | D:3      | Found a deep blue altar of Sif Muna.
  3196 | D:3      | HP: 1/21 [poisoned by an adder]
  4269 | D:3      | Reached XP level 5. HP: 24/24 MP: 6/6
  4545 | D:4      | Noticed Sigmund
  4576 | D:4      | Reached skill level 6 in Stealth
  5098 | D:4      | Found a basalt altar of Yredelemnul.
  5269 | D:4      | Mangled by Sigmund
  5270 | D:4      | Reached XP level 4. HP: -10/22 MP: 5/5
  5342 | D:5      | Entered Level 5 of the Dungeon
  5342 | D:5      | Noticed Pikel
  5342 | D:5      | Noticed a slave
  5342 | D:5      | Noticed a slave
  5343 | D:5      | Reached XP level 5. HP: 25/25 MP: 6/6
  5344 | D:5      | Noticed a slave
  5344 | D:5      | Noticed a slave
  5396 | D:5      | Noticed a centaur
  5400 | D:5      | Noticed Menkaure
  5412 | D:5      | Killed a centaur
  5412 | D:5      | Reached skill level 5 in Dodging
  5412 | D:5      | Gained mutation: You are covered in thick fur. (AC +2)
                  | [Felid growth]
  5412 | D:5      | Reached XP level 6. HP: 10/28 MP: 7/7
  5414 | D:5      | Slain by Menkaure

Vault maps used:
D:1:      wander_arrival_fairy_ring, minmay_misc_feat_plants, skrybe_limestone_x
D:2:      minmay_octomino_e4
D:3:      lemuel_blue_sif_altar
D:4:      lemuel_doored_altar, first_ration, kennysheep_minor_cross,
          uniq_sigmund
D:5:      kennysheep_generic_room_16, uniq_menkaure, uniq_pikel, uniq_ijyb,
          uniq_blork_the_orc

Skill      XL: |  1  2  3  4  5 |
---------------+----------------+-----
Stealth        | 3 4 5 6 |  6.9
Unarmed Combat | 4 |  4.5
Fighting       | 4 |  4.0
Dodging        | 5 |  5.1

Action                   |  1- 3 |  4- 6 || total
-------------------------+-------+-------++-------
Melee: Unarmed           |    78 |   135 ||   213
       Punch             |     3 |     1 ||     4
       Bite              |     4 |    19 ||    23
  Use: Potion            |     1 |     6 ||     7
       Scroll            |       |     5 ||     5
 Stab: Sleeping          |    15 |    16 ||    31
  Eat: Chunk             |    10 |     5 ||    15
Armor: Skin              |       |     5 ||     5
Dodge: Dodged            |    30 |   122 ||   152

Table legend:
 A = Non-vault XP
 B = Vault XP
 C = Vault XP percentage of total XP
 D = Non-vault monster count
 E = Vault monster count
 F = Vault count percentage of total count
                 A         B        C        D         E       F
            +---------+---------+-------+---------+---------+-------
      Total |     554 |      11 |   1.9 |      64 |       4 |   5.9
            +---------+---------+-------+---------+---------+-------
        D:1 |      18 |       0 |   0.0 |      10 |       0 |   0.0
        D:2 |      84 |      11 |  11.6 |      27 |       4 |  12.9
        D:3 |      92 |       0 |   0.0 |      19 |       0 |   0.0
        D:4 |     163 |       0 |   0.0 |       5 |       0 |   0.0
        D:5 |     197 |       0 |   0.0 |       3 |       0 |   0.0
            +---------+---------+-------+---------+---------+-------
